AoeStats
← [CL] Al3jandr0.magn00

Golden Pit

507161993Analyzed
1v1 RM · 15d ago on Sep 16, 2026· 51m 35s· 2 players
Game mode
Random Map
Map size
Tiny (2 player)
Population
200
Speed
Normal
Resources
Standard
Victory
Conquest
Starting age
Dark Age
Ending age
Imperial Age
RankedLock teamsTeams togetherTeam positionsShared explorationLock speedFull tech treeHidden civsTurbo modeCheats
Victory
Defeat
🇦🇷 Burmese · Argentina
1853
+18
🇨🇴 Byzantines · Colombia
1905
-18
[CL] Al3jandr0.magn00
6:20 Loom
8:52 Feudal Age
8:55 Man-at-Arms
10:03 Arson
11:59 Horse Collar
15:34 Fletching
21:43 Castle Age
21:10 Bloodlines
21:06 Scale Barding Armor
22:25 Padded Archer Armor
21:51 Pikeman
23:33 Heavy Plow
26:33 Devotion
26:50 Husbandry
30:07 Wheelbarrow
31:52 Gold Mining
34:44 Imperial Age
33:02 Hand Cart
32:48 Stone Mining
35:15 Chain Barding Armor
34:47 Elite Battle Elephant
35:35 Howdah
35:38 Manipur Cavalry
36:37 Conscription
39:29 Plate Barding Armor
43:12 Chemistry
45:12 Forging
47:49 Squires
48:49 Scale Mail Armor
49:25 Iron Casting
52:01 Conscription
NuMa | Toth
11:48 Feudal Age
14:07 Loom
16:59 Castle Age
15:35 Fletching
17:41 Bodkin Arrow
20:33 Double-Bit Axe
25:48 Wheelbarrow
26:46 Sanctity
27:25 Horse Collar
29:30 Bow Saw
29:20 Heavy Plow
33:05 Imperial Age
30:28 Gold Mining
30:29 Stone Mining
33:14 Gold Shaft Mining
33:14 Stone Shaft Mining
32:42 Padded Archer Armor
35:24 Chemistry
34:54 Block Printing
38:36 Bracer
40:39 Theocracy
39:45 Pikeman
40:26 Squires
49:32 Halberdier
Connection lost

Rejoining the realm…

Still unreachable

The connection could not be restored.

Session expired

The server has moved on; the page needs a fresh start.